woodfighter, chaotic female human Barbarian ----- |... --------- ------ ------- --..--------- |.......| -- --...... .......-- --...|.......| |...@...|45%[---*%...... ........---%..[|.......| |...@..w+..)5/5)%%)[..... ........%%-%[..)%..._...| |.....@.|...)---.*....... ........%---...[|%......| |.......| -- --.......- -.......-- --...|.......| --------- ----|---- ----+---- --..--------- |...------- -------...| |... |.........| |.........| ----- -------...-- --...------- |....-- --....| ---...----+----...--- |......%%.%.....| ----------------- woodfighter the Conqueress Experience level: 30 Strength: 25 Dexterity: 19 Constitution: 19 Intelligence: 17 Wisdom: 17 Charisma: 17 Health: 213(245) Energy: 91(91) Def: 50 Gold: 0 Moves: 41570 Dungeon seed: cp5xNpcrnwNXelrz Game ID: woodfighter_1568730405 Your Inventory: Amulets A - a blessed rustproof amulet of flying T - a blessed amulet of life saving (being worn) Weapons a - the blessed rustproof +7 Cleaver (weapon in hands) I - 8 blessed +6 elven daggers named Dagger of Punition (in quiver) Armor n - a blessed rustproof +5 pair of gauntlets of power (being worn) p - a blessed fireproof +4 cloak of protection (being worn) L - a blessed +5 orcish helm (being worn) N - a blessed +4 gray dragon scale mail (being worn) O - an uncursed +5 Hawaiian shirt (being worn) Q - an uncursed burnt +4 pair of speed boots (being worn) Comestibles o - an uncursed partly eaten lembas wafer P - 2 uncursed lembas wafers Potions l - a blessed potion of full healing Rings V - a blessed ring of regeneration (on left hand) Wands d - a blessed wand of digging (0:4) f - a blessed wand of death (0:5) g - a blessed wand of fire (0:5) h - a blessed wand of teleportation (0:8) Tools b - a blessed stethoscope e - the blessed greased rustproof Master Key of Thievery q - a +0 unicorn horn s - a blessed bag of holding x - a blessed can of grease (0:18) y - a blessed skeleton key J - a blessed magic lamp (lit) W - a blessed towel Gems r - the blessed Heart of Ahriman Contents of the bag of holding: 20000 gold pieces a blessed amulet of life saving a blessed amulet of life saving a blessed [rustproof] [+3] long sword named Demonbane 3 blessed C-rations 9 blessed K-rations 3 blessed cram rations 10 uncursed eggs a blessed eucalyptus leaf 3 uncursed lembas wafers 5 blessed sprigs of wolfsbane 18 blessed scrolls of blank paper 6 cursed scrolls of blank paper 3 blessed greased [fireproof] scrolls of charging 4 blessed scrolls of gold detection 10 blessed scrolls of remove curse a blessed scroll of wishing 22 blessed diluted potions of full healing 7 blessed potions of confusion 10 blessed potions of full healing 10 potions of holy water a blessed ring of conflict a blessed ring of free action a blessed ring of free action a blessed ring of regeneration a blessed ring of regeneration a blessed wand of death (0:7) a blessed wand of digging (0:7) a blessed wand of digging (0:6) a blessed wand of digging (0:6) a blessed wand of digging (0:6) a blessed wand of digging (0:5) a blessed wand of fire (0:6) a blessed wand of fire (0:5) a blessed wand of teleportation (0:8) a blessed wand of teleportation (0:7) a blessed wand of teleportation (0:6) a magic marker (0:47) a magic marker (0:38) a magic marker (0:35) an uncursed magic whistle a blessed +0 pick-axe a blessed +0 unicorn horn a blessed +0 unicorn horn a blessed +0 unicorn horn a blessed +0 unicorn horn a blessed +0 unicorn horn 21 uncursed emeralds Spells and supernatural/magical abilities: Name Level Category Fail Memory n - detect monsters 1 divination 100% 11% W - pray for help -- divine ? -- Your skills at the end: Miscellaneous Skills bare handed combat [Basic] Weapon Skills dagger [Basic] axe [Master] short sword [Basic] Spellcasting Skills Final Attributes: You were piously aligned. You were fire resistant. You were cold resistant. You were sleep resistant. You were disintegration-resistant. You were shock resistant. You were poison resistant. You were magic-protected. Your writing hand was ok. You saw invisible. You were telepathic. You were warned. You were invisible to others. You had teleport control. You regenerated. You were protected. You were very fast. Your life would have been saved. You were extremely lucky. You had extra luck. Good luck did not time out for you. You survived. You faced a greater challenge. Vanquished creatures: Baalzebub Orcus Yeenoghu Juiblex The Wizard of Yendor (6 times) Death Famine (twice) a high priest 2 ancient green dragons 3 mammoths Vlad the Impaler Medusa 20 krakens 2 Archons 2 elder white dragons 5 iron golems 8 gray dragons 3 silver dragons 2 red dragons 10 white dragons 2 orange dragons 7 black dragons 5 blue dragons 8 green dragons 2 yellow dragons 8 storm giants 3 titans 15 deep ettins 13 glass golems 36 balrogs Thoth Amon 16 purple worms 15 minotaurs 13 jabberwocks 17 baluchitheria 12 Angels 3 young silver dragons 4 young red dragons 4 young white dragons 2 young orange dragons 2 young black dragons 4 young blue dragons 50 young green dragons 2 young yellow dragons 9 stone golems 42 master mind flayers 17 Olog-hai 6 Nazgul 18 pit fiends 43 sandestins 9 hell hounds 10 titanotheres 10 trappers a baby red dragon 9 baby white dragons 2 gryphons 5 guardian nagas a disenchanter 33 vampire lords 6 shades 8 skeletons 11 aligned priests 9 captains 7 clay golems 19 nurses 63 ice devils 42 nalfeshnees 7 lurkers above 2 Aleaxes a frost giant 4 golden nagas 9 black puddings 36 vampires 30 ghosts 10 ettins 5 lieutenants 2 archeologists a wizard a queen bee 4 winged gargoyles 6 mind flayers 13 giant mimics 9 fire giants 7 ogre kings 3 Elvenkings 3 ice trolls 83 rock trolls 16 umber hulks 7 flesh golems 17 doppelgangers 70 hezrous 21 bone devils 5 salamanders 8 large mimics a wumpus 3 fire vortices 14 long worms 3 couatls 20 stalkers 8 air elementals 8 fire elementals 7 earth elementals 5 water elementals 2 hill giants 8 giant mummies 3 black nagas 13 elf-lords 9 xorns 17 giant zombies 6 sergeants 2 barbed devils 22 vrocks 21 wargs 4 winter wolves 8 hell hound pups 20 quantum mechanics 19 small mimics 5 glass piercers 7 warhorses 6 steam vortices 17 xans 8 ettin mummies 6 ogre lords 53 trolls a sasquatch 7 wood golems 6 mariliths 4 sharks 14 electric eels 2 pyrolisks 3 large dogs 6 freezing spheres 10 flaming spheres 10 shocking spheres 2 large cats 2 tigers 18 gargoyles 3 dwarf kings 3 tengu 14 gelatinous cubes 11 ochre jellies 3 crocodiles 13 chameleons 13 leocrottas 3 energy vortices 4 mountain centaurs 7 giants an elf mummy 4 human mummies a red naga 9 green slimes 15 Grey-elves 4 pit vipers 2 pythons 11 cobras 51 wraiths 18 ettin zombies 2 leather golems 12 soldiers 3 horned devils 13 succubi 49 incubi 6 giant beetles 20 cockatrices 8 wolves 8 winter wolf cubs 4 black lights 6 lynxes 3 panthers 6 gremlins 5 leprechauns 4 quivering blobs 20 lizards 2 orc-captains 4 mumakil 14 giant spiders 10 scorpions 3 iron piercers 4 horses an ice vortex 5 vampire bats a forest centaur 2 gnome kings 4 orc mummies 4 dwarf mummies 67 ogres 5 brown puddings 7 Green-elves 5 rust monsters 10 owlbears 8 yetis 5 gold golems 9 werewolves 6 piranhas 17 giant eels 11 chickatrices a dog a dingo 3 housecats 5 jaguars 6 dwarf lords 9 blue jellies 2 water nymphs 7 white unicorns 2 gray unicorns 7 dust vortices 8 ravens 5 plains centaurs 5 gnome mummies 12 Woodland-elves 7 snakes 13 apes 24 human zombies 3 rope golems 10 soldier ants 8 fire ants 21 yellow lights 6 bugbears an imp a wood nymph 8 Uruk-hai 6 orc shamans 4 rock moles 5 rock piercers 5 ponies 5 fog clouds a shrieker 8 violet fungi 21 gnome lords 3 gnomish wizards 10 kobold mummies a red naga hatchling a black naga hatchling a guardian naga hatchling 11 gray oozes 3 barrow wights 13 elf zombies 19 ghouls 4 straw golems 3 paper golems 8 jellyfish 9 giant ants a puppy 12 floating eyes 3 kittens 22 dwarves 4 homunculi 2 quasits 7 kobold lords 3 kobold shamans 7 iguanas 11 hill orcs 6 rothes a rabid rat 2 centipedes 2 jitterbugs 4 giant bats 3 monkeys 19 orc zombies 18 dwarf zombies 4 wererats 3 werejackals 35 killer bees 6 coyotes 4 hobbits 8 acid blobs 6 large kobolds 15 geckos 11 hobgoblins 13 giant rats 10 cave spiders 3 brown molds 5 yellow molds 7 green molds 3 red molds 53 gnomes 5 garter snakes 4 manes 25 gnome zombies 4 jackals 3 foxes 4 kobolds 6 newts 6 goblins 2 sewer rats 6 grid bugs 3 bats 10 lichens 21 kobold zombies 4 humans 2782 creatures vanquished. Genocided species: chickatrices cockatrices pyrolisks hobbits dwarves bugbears dwarf lords dwarf kings quantum mechanics mind flayers master mind flayers wood nymphs water nymphs mountain nymphs island nymphs baby gray dragons baby silver dragons baby red dragons baby white dragons baby orange dragons baby black dragons baby blue dragons baby green dragons baby yellow dragons young gray dragons young silver dragons young red dragons young white dragons young orange dragons young black dragons young blue dragons young green dragons young yellow dragons gray dragons silver dragons red dragons white dragons orange dragons black dragons blue dragons green dragons yellow dragons elder gray dragons elder silver dragons elder red dragons elder white dragons elder orange dragons elder black dragons elder blue dragons elder green dragons elder yellow dragons ancient gray dragons ancient silver dragons ancient red dragons ancient white dragons ancient orange dragons ancient black dragons ancient blue dragons ancient green dragons ancient yellow dragons liches demiliches master liches arch-liches gray oozes brown puddings black puddings green slimes rust monsters disenchanters jellyfish piranhas sharks giant eels electric eels krakens 76 species genocided. Voluntary challenges: You did not cause conflict. You were not displaced. You had been an atheist until turn 3510. You used a wielded weapon 5387 times, starting on turn 226. You did not use plumbed fixtures. You read items or engraved 77 times, starting on turn 3749. You genocided 76 types of monsters, starting on turn 15430. You never polymorphed an object. You changed form 1 time, starting on turn 12533. You completed Sokoban on turn 5416, according to the rules. You used 5 wishes, starting on turn 10835. You wished for your your first artifact on turn 10835. You split 2 puddings, starting on turn 26076. You never wrote Elbereth's name. You violated your moral code, losing 52 points of alignment, starting on turn 8046. Dungeon overview: The Dungeons of Doom: levels 1 to 30 Level 1 some fountains stairs to The Elemental Planes Level 2 (vault) Level 3 stairs to The Gnomish Mines Level 4 (water) Level 5 a fountain Level 6 Level 7 (water) some fountains Level 8 many fountains Level 9 a general store, a fountain, a sink stairs to Sokoban Level 10 an altar to Set, a sink Level 11 (vault) some fountains Level 12 (vault) a sink Level 13 (vault) an altar to Set, a fountain Level 14 (big room + black unicorn) portal to The Quest Level 15 a fountain Level 16 a fountain Level 17 (rogue) Level 18 (vault) Level 19 an altar to Crom, a fountain Level 20 Level 21 a sink Level 22 an altar to Set Level 23 a fountain Level 24 a fountain Level 25 (medusa) Level 26 Level 27 Level 28 Level 29 Level 30 a magic chest, many sinks, many benchs Gehennom: levels 31 to 59 Level 31 a temple to Moloch, a magic chest stairs to The Dungeons of Doom Level 32 Level 33 Level 34 Level 35 (baalzebub) a magic chest Level 36 Level 37 Level 38 Level 39 (juiblex) a fountain Level 40 (Orcus) some shops, an altar to Moloch, a magic chest, a fountain Level 41 Level 42 (yeenoghu) a magic chest Level 43 Level 44 Level 45 (wizzard) a magic chest stairs to Vlad's Tower Level 46 (water) Level 47 (wizard bottom) portal to Gehennom Level 48 Level 49 Level 50 Level 51 Level 52 Level 53 Level 54 Level 55 Level 56 Level 57 portal to Gehennom Level 58 Level 59 The Gnomish Mines: levels 4 to 11 Level 4 stairs to The Dungeons of Doom Level 5 Level 6 Level 7 some shops, a temple to Crom, a magic chest, some fountains Level 8 Level 9 Level 10 Level 11 a magic chest, some fountains The Quest: levels 1 to 5 Level 1 a magic chest portal to The Dungeons of Doom Level 2 Level 3 Level 4 Level 5 an altar to Crom Sokoban: levels 5 to 8 Level 5 a magic chest Level 6 Level 7 Level 8 an altar to Set, a magic chest stairs to The Dungeons of Doom Vlad's Tower: levels 42 to 44 Level 42 Level 43 (water) an altar to Moloch Level 44 stairs to Gehennom The Elemental Planes: Astral Plane <- You were here some high altars Plane 4 portal to The Elemental Planes Plane 3 portal to The Elemental Planes Plane 2 portal to The Elemental Planes Plane 1 portal to The Elemental Planes History has recorded: On T:1 you entered the Dungeons of Doom to retrieve the Amulet of Yendor! On T:323 you advanced to experience level 2. On T:498 you reached level 2 of The Dungeons of Doom. On T:807 you advanced to experience level 3. On T:873 you reached level 3 of The Dungeons of Doom. On T:1125 you reached level 4 of The Dungeons of Doom. On T:1220 you reached level 1 of The Gnomish Mines. On T:1379 you advanced to experience level 4. On T:1397 you reached level 5 of The Dungeons of Doom. On T:1890 you advanced to experience level 5. On T:2058 you reached level 6 of The Dungeons of Doom. On T:2412 you advanced to experience level 6. On T:2476 you reached level 7 of The Dungeons of Doom. On T:2847 you reached level 8 of The Dungeons of Doom. On T:3268 you advanced to experience level 7. On T:3480 you reached level 9 of The Dungeons of Doom. On T:3510 you prayed to Set. On T:3645 you reached level 10 of The Dungeons of Doom. On T:3732 you reached level 4 of Sokoban. On T:3737 you advanced to experience level 8. On T:3748 you opened a magic chest. On T:3944 you reached level 3 of Sokoban. On T:4230 you reached level 2 of Sokoban. On T:4674 you reached level 1 of Sokoban. On T:5416 you advanced to experience level 9. On T:5416 you entered the Sokoban zoo. On T:6067 you reached level 2 of The Gnomish Mines. On T:6582 you reached level 3 of The Gnomish Mines. On T:7788 you reached level 4 of The Gnomish Mines. On T:7991 you entered the Minetown temple On T:8398 you reached level 5 of The Gnomish Mines. On T:8462 you reached level 6 of The Gnomish Mines. On T:8719 you reached level 7 of The Gnomish Mines. On T:9180 you reached level 8 of The Gnomish Mines. On T:9180 you reached the bottom of the Mines. On T:9183 you advanced to experience level 10. On T:10828 you prayed to Set. On T:10835 you wished for "blessed fixed greased the master key of thievery". On T:11074 you reached level 11 of The Dungeons of Doom. On T:11346 you reached level 12 of The Dungeons of Doom. On T:11500 you reached level 13 of The Dungeons of Doom. On T:11971 you reached level 14 of The Dungeons of Doom. On T:12247 you advanced to experience level 11. On T:12405 you reached level 15 of The Dungeons of Doom. On T:12668 you reached level 16 of The Dungeons of Doom. On T:12875 you reached level 17 of The Dungeons of Doom. On T:12875 you entered the Rogue tribute level. On T:13151 you reached level 18 of The Dungeons of Doom. On T:13688 you reached level 19 of The Dungeons of Doom. On T:13769 you advanced to experience level 12. On T:13773 you advanced to experience level 13. On T:14466 you received Cleaver from Set. On T:15915 you reached level 20 of The Dungeons of Doom. On T:16054 you reached level 21 of The Dungeons of Doom. On T:16430 you advanced to experience level 14. On T:17438 you reached level 23 of The Dungeons of Doom. On T:17677 you reached level 24 of The Dungeons of Doom. On T:17909 you advanced to experience level 15. On T:18307 you reached level 25 of The Dungeons of Doom. On T:19935 you reached level 1 of The Quest. On T:20079 you embarked upon an epic quest. On T:20092 you reached level 2 of The Quest. On T:20136 you reached level 3 of The Quest. On T:20844 you reached level 4 of The Quest. On T:21036 you reached level 5 of The Quest. On T:21463 you killed Thoth Amon on level 5 of The Quest. On T:21634 you completed the quest! On T:23160 you reached level 26 of The Dungeons of Doom. On T:23689 you reached level 27 of The Dungeons of Doom. On T:24048 you killed Medusa on level 26 of The Dungeons of Doom. On T:24441 you reached level 28 of The Dungeons of Doom. On T:25162 you reached level 29 of The Dungeons of Doom. On T:25443 you reached The Castle. On T:26110 you reached The Valley of the Dead. On T:27729 you advanced to experience level 16. On T:27961 you reached level 2 of Gehennom. On T:28002 you reached level 28 of Gehennom. On T:28250 you reached level 27 of Gehennom. On T:29101 you reached level 17 of Gehennom. On T:29235 you reached level 16 of Gehennom. On T:30947 you reached level 15 of Gehennom. On T:31324 you reached level 26 of Gehennom. On T:31513 you reached level 3 of Gehennom. On T:31794 you reached level 4 of Gehennom. On T:32189 you reached level 5 of Gehennom. On T:32623 you reached level 6 of Gehennom. On T:32850 you killed Baalzebub on level 5 of Gehennom. On T:33186 you reached level 7 of Gehennom. On T:34184 you wished for "+3 blessed fixed greased cloak of protection". On T:34198 you wished for "+3 blessed fixed gauntlets of power". On T:34362 you reached level 9 of Gehennom. On T:35692 you killed Juiblex on level 9 of Gehennom. On T:35826 you reached level 10 of Gehennom. On T:36373 you killed Orcus on level 10 of Gehennom. On T:36421 you reached level 11 of Gehennom. On T:36541 you advanced to experience level 17. On T:36695 you reached level 12 of Gehennom. On T:37042 you killed Yeenoghu on level 11 of Gehennom. On T:37170 you reached level 13 of Gehennom. On T:37308 you wished for "blessed fixed amulet of flying". On T:37652 you reached level 14 of Gehennom. On T:38070 you reached level 3 of Vlad's Tower. On T:38168 you reached level 2 of Vlad's Tower. On T:38190 you advanced to experience level 18. On T:38291 you reached level 1 of Vlad's Tower. On T:38401 you killed Vlad the Impaler on level 1 of Vlad's Tower. On T:38729 you reached level 18 of Gehennom. On T:38843 you reached level 19 of Gehennom. On T:39101 you reached level 20 of Gehennom. On T:39136 you reached level 21 of Gehennom. On T:39350 you reached level 22 of Gehennom. On T:39501 you reached level 23 of Gehennom. On T:39617 you reached level 24 of Gehennom. On T:39752 you reached level 25 of Gehennom. On T:39873 you wished for "3 blessed fixed greased scrolls of charging". On T:40106 you advanced to experience level 19. On T:40107 you advanced to experience level 20. On T:40107 you advanced to experience level 21. On T:40108 you advanced to experience level 22. On T:40108 you advanced to experience level 23. On T:40109 you advanced to experience level 24. On T:40109 you advanced to experience level 25. On T:40110 you advanced to experience level 26. On T:40110 you advanced to experience level 27. On T:40111 you advanced to experience level 28. On T:40111 you advanced to experience level 29. On T:40112 you advanced to experience level 30. On T:40310 you killed Wizard of Yendor on level 15 of Gehennom. On T:40353 you performed the invocation. On T:40353 you reached level 29 of Gehennom. On T:40385 you killed Wizard of Yendor on level 29 of Gehennom. On T:40385 you killed Wizard of Yendor on level 29 of Gehennom. On T:40386 you gained the Amulet of Yendor! On T:40870 you killed Wizard of Yendor on level 8 of Gehennom. On T:41037 you killed Wizard of Yendor on level 26 of The Dungeons of Doom. On T:41338 you reached the Plane of Earth. On T:41338 you killed Wizard of Yendor on the Plane of Earth. On T:41380 you reached the Plane of Air. On T:41409 you reached the Plane of Fire. On T:41437 you reached the Plane of Water. On T:41470 you reached the Astral Plane. On T:41492 you killed Famine on the Astral Plane. On T:41522 you killed Famine on the Astral Plane. On T:41548 you killed Death on the Astral Plane. On T:41570 you lost the Amulet of Yendor. On T:41570 you offered the Amulet of Yendor to Set and ascended to the status of Demigoddess! Score breakdown: Gold: 20000 ( 2000 points) Experience: 30 levels ( 2000 points) Exploration: 59 levels ( 2000 points) Discoveries: 140 items ( 2000 points) Variety of kills: 290 monsters ( 2000 points) Major goal: ascended ( 5000 points) Ascension bonuses Valuables value: 53100 ( 2000 points) Artifacts: 4 ( 4000 points) Speed bonus: 41570 turns ( 2921 points) Conduct bonus: 3 conducts ( 5400 points) Survival: ascended (score multiplied by 20) Total score: 586420 Latest messages: You try to feel what is lying here on the floor. There are several objects here. The invisible Angel of Mitra misses. The invisible Angel of Mitra casts a spell at you! A shower of missiles bounces off the barbarian! The door opens. A nearby voice intones: "Pilgrim, you enter a sacred place!" You can see again. Your unicorn horn glows brown. The door closes. You stop picking the lock. You succeed in locking the door. Bill the Kuge bumps right into you! Bill the Kuge turns to flee! Bill the Kuge drinks a potion of gain level! Bill the Kuge seems more experienced. You offer the Amulet of Yendor to Set... An invisible choir sings, and you are bathed in radiance... The voice of Set booms: "Congratulations, mortal!" "In return for thy service, I grant thee the gift of Immortality!" You ascend to the status of Demigoddess... Final status: Goodbye woodfighter the Demigoddess, ascended... You went to your reward with 586420 points, Cleaver (worth 1500 zorkmids) The Master Key of Thievery (worth 3500 zorkmids) The Heart of Ahriman (worth 2500 zorkmids) 21 emeralds (worth 52500 zorkmids), 3 amulets of life saving (worth 450 zorkmids), 1 amulet of flying (worth 150 zorkmids), and 20000 pieces of gold, after 41570 moves. You were level 30 with a maximum of 245 hit points when you ascended.